Map: [ESL] Royal Blood

Players

trigger - Winner!

  • Race: Protoss Protoss
  • Spawn Location: 7:00

Astrea

  • Race: Protoss Protoss
  • Spawn Location: 1:00

Event: ESL SC2 Masters 2023 Summer (Regionals)

VOD

Have the link to the VOD?

Description

Time

  • Played on: May 18, 2023, 3:46 p.m.
  • Length: 15:49

All games in this series

Show
View Real Time Build Order
Export as new Build Order

trigger Protoss - Winner!

Build Orders:  

Get SALT Encoding   

  12  0:00  Probe  
  13  0:12  Probe  
  14  0:17  Pylon  
  14  0:24  Probe (Chrono Boost)  
  16  0:36  Probe (Chrono Boost)  
  16  0:38  Gateway  
  16  0:43  Probe (Chrono Boost)  
  16  0:46  Assimilator  
  17  0:51  Probe  
  17  0:54  Assimilator  
  18  1:03  Probe (Chrono Boost)  
  19  1:09  Gateway  
  19  1:13  Probe (Chrono Boost)  
  19  1:18  Probe (Chrono Boost)  
  20  1:25  Cybernetics Core  
  21  1:29  Probe  
  22  1:35  Pylon  
  22  1:41  Probe  
  23  1:53  Probe  
  24  2:02  Adept x2, Warp Gate  
  24  2:05  Probe  
  29  2:16  Robotics Facility  
  29  2:18  Pylon  
  29  2:20  Probe  
  30  2:35  Stalker x2  
  33  2:49  Probe  
  34  2:55  Shield Battery  
  34  3:00  Immortal (Chrono Boost)  
  38  3:20  Pylon  
  38  3:29  Warp Prism (Chrono Boost)  
  38  3:37  Shield Battery  
  35  3:42  Probe  
  32  3:52  Stalker x2  
  36  3:56  Probe  
  37  4:12  Probe  
  37  4:14  Twilight Council  
  38  4:17  Stalker  
  38  4:21  Observer  
  40  4:35  Probe  
  35  4:47  Probe  
  35  4:50  Blink (Chrono Boost)  
  36  4:57  Gateway  
  37  5:00  Probe  
  36  5:11  Stalker  
  38  5:24  Stalker  
  34  5:29  Warp Prism (Chrono Boost)  
  36  5:42  Shield Battery  
  36  5:50  Stalker  
  38  6:02  Stalker  
  40  6:23  Stalker x2  
  44  6:26  Stalker  
  44  6:30  Observer  
  46  6:34  Probe  
  47  6:48  Pylon  
  41  7:03  Stalker x3  
  43  7:23  Probe  
  43  7:29  Stalker  
  46  7:32  Stalker  
  48  7:40  Stalker  
  48  7:43  Probe  
  51  7:52  Sentry  
  51  7:55  Probe  
  52  8:10  Pylon  
  52  8:21  Adept  
  52  8:48  Stalker x3  
  49  9:17  Nexus  
  49  9:22  Sentry  
  51  9:26  Sentry  
  51  9:38  Stalker  
  52  9:49  Stalker  
  54  10:05  Stalker  
  56  10:19  Pylon  
  56  10:21  Stalker  
  54  10:29  Probe (Chrono Boost)  
  54  10:30  Probe (Chrono Boost)  
  54  10:34  Observer  
  58  10:43  Probe (Chrono Boost)  
  58  10:46  Probe (Chrono Boost)  
  59  10:51  Probe (Chrono Boost)  
  58  10:57  Probe  
  58  11:03  Probe  
  60  11:08  Forge  
  60  11:12  Immortal (Chrono Boost)  
  64  11:20  Shield Battery  
  64  11:29  Adept x2  
  66  11:33  Sentry  
  68  11:40  Immortal (Chrono Boost)  
  72  11:48  Protoss Ground Weapons Level 1 (Chrono Boost)  
  72  11:49  Probe  
  72  11:50  Probe  
  72  12:05  Stalker  
  71  12:15  Observer  
  71  12:18  Nexus  
  71  12:27  Charge (Chrono Boost)  
  71  12:29  Probe x2  
  73  12:32  Pylon  
  73  12:44  Immortal (Chrono Boost)  
  77  13:00  Zealot x3  
  76  13:14  Immortal (Chrono Boost)  
  74  13:25  Zealot x3  
  78  13:33  Gateway, Probe  
  79  13:34  Probe  
  79  13:36  Probe  
  81  13:45  Probe  
  82  13:49  Stalker  
  82  13:50  Stalker x2  
  82  13:52  Probe  
  89  13:59  Probe  
  72  14:14  Probe x2  
  72  14:17  Zealot x3  
  72  14:19  Immortal  
  78  14:40  Zealot x4  
  84  14:58  Immortal  
  84  14:59  Zealot  
  84  15:00  Zealot x2  
  84  15:01  Zealot  
  84  15:05  Probe x2 (Chrono Boost)  
  81  15:15  Probe (Chrono Boost)  
  81  15:19  Probe (Chrono Boost)  
  83  15:23  Probe (Chrono Boost)  
  83  15:26  Probe (Chrono Boost)  
  85  15:33  Zealot x3  
  85  15:35  Zealot  
  92  15:37  Probe  
Show
View Real Time Build Order
Export as new Build Order

Astrea Protoss 

Build Orders: Oracle Opening 

Get SALT Encoding   

  12  0:00  Probe  
  13  0:12  Probe  
  14  0:17  Pylon  
  14  0:24  Probe (Chrono Boost)  
  15  0:36  Gateway, Probe (Chrono Boost)  
  16  0:44  Probe (Chrono Boost)  
  16  0:45  Assimilator  
  17  0:51  Probe  
  17  0:54  Assimilator  
  18  1:03  Probe (Chrono Boost)  
  19  1:07  Gateway  
  19  1:12  Probe (Chrono Boost)  
  19  1:17  Probe (Chrono Boost)  
  20  1:23  Cybernetics Core  
  21  1:29  Probe  
  22  1:36  Pylon  
  22  1:41  Probe  
  24  1:54  Probe  
  24  1:59  Adept x2, Warp Gate  
  28  2:07  Stargate  
  29  2:17  Pylon  
  28  2:32  Stalker  
  28  2:35  Stalker  
  32  2:51  Oracle (Chrono Boost)  
  35  3:07  Probe  
  35  3:12  Pylon  
  32  3:20  Probe  
  31  3:32  Probe  
  29  3:39  Nexus  
  29  3:44  Probe  
  30  3:56  Probe  
  30  4:00  Pylon  
  30  4:01  Oracle  
  35  4:12  Shield Battery  
  35  4:16  Probe  
  35  4:19  Stalker  
  37  4:37  Stalker  
  35  4:40  Probe  
  31  4:52  Probe  
  30  4:53  Probe  
  31  5:04  Probe  
  31  5:05  Probe  
  30  5:17  Stalker x2  
  30  5:18  Probe  
  30  5:20  Probe  
  31  5:33  Robotics Facility  
  33  5:43  Stalker  
  33  5:44  Stalker  
  35  5:50  Shield Battery  
  37  6:07  Stalker x2  
  39  6:21  Immortal (Chrono Boost)  
  43  6:33  Stalker  
  43  6:38  Stalker  
  35  6:58  Probe  
  34  7:08  Stalker  
  36  7:09  Stalker  
  34  7:16  Immortal (Chrono Boost)  
  35  7:31  Stalker  
  35  7:32  Stalker  
  39  7:50  Pylon  
  39  7:59  Pylon  
  39  8:10  Warp Prism  
  39  8:11  Stalker  
  43  8:19  Gateway  
  43  8:36  Stalker  
  45  8:47  Observer (Chrono Boost)  
  45  9:10  Immortal  
  49  9:33  Nexus  
  47  9:39  Stalker  
  47  9:40  Probe  
  47  9:52  Probe  
  47  10:04  Probe (Chrono Boost)  
  47  10:13  Probe (Chrono Boost), Stalker  
  50  10:17  Phoenix  
  50  10:18  Probe (Chrono Boost)  
  51  10:30  Probe (Chrono Boost)  
  52  10:37  Pylon  
  52  10:42  Probe (Chrono Boost)  
  53  10:49  Probe (Chrono Boost)  
  54  10:55  Probe  
  55  10:57  Probe  
  56  11:08  Probe (Chrono Boost)  
  56  11:10  Sentry  
  60  11:12  Probe (Chrono Boost)  
  60  11:20  Probe (Chrono Boost)  
  62  11:25  Probe (Chrono Boost)  
  62  11:26  Probe (Chrono Boost)  
  63  11:34  Probe x2  
  63  11:36  Nexus  
  65  11:46  Probe x2  
  67  11:58  Probe  
  67  12:02  Probe  
  67  12:06  Immortal (Chrono Boost)  
  72  12:10  Probe  
  73  12:26  Probe, Stalker  
  73  12:28  Probe  
  76  12:31  Assimilator  
  76  12:34  Forge  
  76  12:38  Probe  
  76  12:41  Probe  
  78  12:46  Pylon x2  
  78  12:47  Observer (Chrono Boost)  
  78  12:48  Probe  
  78  12:49  Pylon  
  78  12:50  Probe  
  81  12:53  Probe  
  79  13:03  Warp Prism (Chrono Boost)  
  75  13:13  Probe (Chrono Boost), Protoss Ground Weapons Level 1 (Chrono Boost)  
  75  13:14  Probe (Chrono Boost)  
  76  13:20  Probe (Chrono Boost)  
  76  13:23  Probe (Chrono Boost)  
  76  13:24  Probe (Chrono Boost)  
  76  13:25  Forge  
  79  13:28  Probe x2 (Chrono Boost)  
  79  13:31  Probe  
  81  13:38  Probe  
  81  13:39  Probe  
  81  13:40  Shield Battery  
  83  13:43  Probe  
  84  13:50  Probe  
  84  13:51  Probe  
  84  13:53  Pylon  
  86  13:55  Probe  
  86  14:01  Stalker  
  84  14:02  Probe  
  84  14:05  Probe  
  84  14:08  Probe  
  69  14:14  Immortal  
  70  14:17  Photon Cannon  
  70  14:23  Shield Battery  
  71  14:25  Gateway  
  71  14:28  Stalker  
  71  14:50  Gateway  
  66  14:53  Immortal  
  66  14:55  Stalker  
  66  15:06  Observer  
  63  15:25  Nexus  
  63  15:28  Stalker  
  63  15:31  Probe x2  
  63  15:34  Twilight Council  
Tags
 
Add a new tag
Caveats
  • Supply blocks, unpowered buildings, or Contaminate may cause inaccurate times.
  • Supply counts are checked every 10 seconds.